 Dungeon Crawl Stone Soup version 0.31-a0-234-gad7ace16ef (webtiles) character file.

Game seed: 2384750073961286887

2916 qw the Skirmisher (level 9, 0/57 HPs)
             Began as a Gargoyle Hexslinger on July 9, 2023.
             Was a Follower of Okawaru.
             Killed from afar by Maggie (12 damage)
             ... with a bolt of fire
             ... on level 7 of the Dungeon.
             The game lasted 00:03:39 (7077 turns).

qw the Skirmisher (Gargoyle Hexslinger)             Turns: 7077, Time: 00:03:39

Health: 0/57       AC: 19    Str: 10    XL:     9   Next: 78%
Magic:  13/13      EV: 10    Int: 19    God:    Okawaru [*.....]
Gold:   340        SH:  0    Dex: 15    Spells: 9/10 levels left

rFire   . . .        Y - +3 sling
rCold   + . .        (no shield)
rNeg    + . .        l - +1 ring mail {rC+}
rPois   inf          o - +1 helmet
rElec   +            a - +2 cloak
rCorr   .            (no gloves)
SInv    .            b - +0 pair of boots
Will    +....        i - amulet of the acrobat
Stlth   +            (no ring)
HPRegen 0.29/turn    (no ring)
MPRegen 0.13/turn

%: acrobat
@: about to teleport, mesmerised
A: sickness immunity, AC +6, negative energy resistance 1, electricity
resistance, torment resistance 1, petrification resistance, clever 1, high MP 1,
strong-willed 1, wild magic 1
a: Renounce Religion, Heroism


You were on level 7 of the Dungeon.
You worshipped Okawaru.
Okawaru was aware of your devotion.
You visited 2 branches of the dungeon, and saw 8 of its levels.

You collected 340 gold pieces.


Innate Abilities, Weirdness & Mutations

You are immune to sickness and miasma.
Your stone body is resilient. (AC +6)
You are immune to poison.
You resist negative energy. (rN+)
You are resistant to electric shocks. (rElec)
You are resistant to unholy torment.
You are immune to petrification.
Your mind is acute. (Int +4, Str/Dex -1)
You have an increased reservoir of magic. (+10% MP)
You are strong-willed. (Will+)
Your spells are a little harder to cast, but a little more powerful.


   Skills:
 - Level 7.1 Fighting
 + Level 10.4 Ranged Weapons
 - Level 3.2 Armour
 - Level 2.0 Dodging
 - Level 1.0 Spellcasting
 - Level 2.6 Hexes
 - Level 4.0 Invocations


You had 9 spell levels left.
You knew the following spells:

 Your Spells              Type           Power      Damage    Failure   Level
a - Slow                  Hex            56%        N/A       22%         1

Your spell library contained the following spells:

 Spells                   Type           Power      Damage    Failure   Level
 Inner Flame              Hex/Fire       7%         N/A       69%         3
 Portal Projectile        Hex/Tloc       14%        N/A       69%         3
 Cause Fear               Hex            7%         N/A       88%         4

Inventory:

Hand Weapons
 Y - a +3 sling (weapon)
Armour
 a - a +2 cloak (worn)
 b - a +0 pair of boots (worn)
 l - a +1 ring mail of cold resistance (worn)
 o - a +1 helmet (worn)
Jewellery
 e - a ring of flight
 f - a +6 ring of strength
 i - an amulet of the acrobat (around neck)
Wands
 c - a wand of digging (7)
Scrolls
 g - 2 scrolls of identify
 k - 3 scrolls of teleportation
Potions
 d - 2 potions of mutation
 h - 2 potions of might
 j - 2 potions of degeneration {unknown}
 m - a potion of magic {unknown}
 n - 2 potions of lignification {unknown}
 p - a potion of resistance {unknown}

Dungeon Overview and Level Annotations

Branches:
Dungeon (7/15)             Temple (1/1) D:6

Altars:
Ashenzari
Dithmenos
Elyvilon
Fedhas
Gozag
Hepliaklqana
Kikubaaqudgha
Makhleb
Okawaru
Qazlal
Sif Muna
Trog
Uskayaw
Vehumet
Wu Jian
Xom
Zin

Annotations:
D:7 1 runed translucent door, Crazy Yiuf, Maggie


Message History

Maggie is moderately wounded.
Maggie closely misses you.
You shoot a sling bullet. The sling bullet barely misses Maggie.
Maggie gestures wildly while chanting.
Maggie attempts to bespell you!
You are mesmerised by Maggie!
You shoot a sling bullet. The sling bullet closely misses Maggie.
Maggie closely misses you.
You shoot a sling bullet. The sling bullet hits Maggie!
Maggie is moderately wounded.
Maggie gestures at you while chanting. The bolt of fire hits you.
You shoot a sling bullet. The sling bullet hits Maggie!
Maggie is heavily wounded.
Maggie hits you but does no damage.
You shoot a sling bullet.
The sling bullet hits Maggie but does no damage.
Maggie is heavily wounded.
You shoot a sling bullet. The sling bullet hits Maggie.
Maggie is severely wounded.
Maggie barely misses you.
You shoot a sling bullet. The sling bullet closely misses Maggie.
Maggie misses you.
You shoot a sling bullet.
The sling bullet hits Maggie but does no damage.
Maggie is severely wounded.
Maggie hits you from afar with a +0 halberd!
You shoot a sling bullet. The sling bullet hits Maggie.
Maggie is severely wounded.
Maggie barely misses you.
You shoot a sling bullet.
The sling bullet completely misses Maggie.
You feel like a meek peon again.
Maggie hits you from afar with a +0 halberd!
7077 ||| READING 4 scrolls of teleportation.
As you read the scroll of teleportation, it crumbles to dust.
You feel strangely unstable. Maggie casts a spell at you.
The bolt of fire hits you!
You die...

#........#.......#..#
###........#+###...#..#
.....#######.. ##+##..#
.....# ....##..##..#
.....# ............#
.....# ........?...#
[....# #...##..##..#
###### #...##..##..#
....# #...@.@.#...#
....# #.......#...#
##### #############


You could see Maggie (mesmerising).

Vanquished Creatures
  A wyvern (D:7)
  Menkaure (D:5)
  6 water moccasins
  4 ice beasts
  A sky beast (D:6)
  A black bear (D:6)
  An ogre (D:5)
  A phantom (D:7)
  Blork the orc (D:5)
  4 scorpions
  A gnoll sergeant (D:5)
  2 howler monkeys
  A crimson imp (D:4)
  3 hounds
  4 orc priests
  3 jellies
  A gnoll bouda (D:6)
  An iguana (D:6)
  3 orc wizards
  14 gnolls
  12 adders
  A shadow imp (D:6)
  A white imp (D:4)
  2 worms (D:2)
  6 dart slugs
  24 orcs
  4 endoplasms
  5 giant cockroaches
  7 hobgoblins
  4 jackals (D:2)
  12 kobolds
  5 quokkas
  10 ball pythons
  7 bats
  3 frilled lizards
  6 goblins
  8 rats
171 creatures vanquished.

Vanquished Creatures (others)
  An orc (D:5)
  A quokka (D:5)
2 creatures vanquished.

Grand Total: 173 creatures vanquished

Notes
Turn   | Place    | Note
-------+----------+-------------------------------------------
     0 | D:1      | qw the Gargoyle Hexslinger began the quest for the Orb.
     0 | D:1      | Reached XP level 1. HP: 12/12 MP: 2/2
     0 | D:1      | 0 ||| qw: Version: 0.3-a-51-g015441d
     0 | D:1      | 0 ||| qw: Game counter: 4368
     0 | D:1      | 0 ||| qw: Melee chars always use a shield: true
     0 | D:1      | 0 ||| qw: God list: Okawaru
     0 | D:1      | 0 ||| qw: Allow faded altars: false
     0 | D:1      | 0 ||| qw: Do Orc after clearing Dungeon:15 true
     0 | D:1      | 0 ||| qw: Do second Lair branch before Depths: true
     0 | D:1      | 0 ||| qw: Lair rune preference: random
     0 | D:1      | 0 ||| qw: Goals: Normal
     0 | D:1      | 0 ||| PLANNING D:1-11
   102 | D:1      | Reached XP level 2. HP: 16/16 MP: 3/3
   194 | D:1      | Reached skill level 3 in Ranged Weapons
   531 | D:1      | Found a faded altar of an unknown god.
   736 | D:1      | Reached XP level 3. HP: 21/21 MP: 4/4
   973 | D:1      | 973 ||| UPGRADING to +0 ring mail.
   983 | D:1      | 983 ||| DROPPING +0 robe.
   984 | D:1      | 984 ||| READING scroll labelled CAOBLEJYI.
   989 | D:1      | 989 ||| READING scroll labelled WEFAG MURAWN.
   990 | D:1      | 990 ||| READING scroll labelled UDENOB ARRI.
   991 | D:1      | 991 ||| DROPPING scroll of poison.
  1259 | D:2      | Reached XP level 4. HP: 26/26 MP: 5/5
  1314 | D:2      | Reached skill level 4 in Ranged Weapons
  1454 | D:2      | Reached skill level 1 in Armour
  1581 | D:2      | Reached XP level 5. HP: 30/30 MP: 6/6
  1784 | D:2      | 1784 ||| UPGRADING to +2 cloak.
  1789 | D:2      | 1789 ||| READING scroll labelled BELENE KOOFOSO.
  1790 | D:2      | 1790 ||| READING scroll labelled BISHUAXTUT.
  1791 | D:2      | 1791 ||| READING scroll labelled ETIONN LETU.
  1912 | D:3      | Reached skill level 5 in Ranged Weapons
  2240 | D:3      | Reached skill level 3 in Fighting
  2256 | D:3      | Reached XP level 6. HP: 13/37 MP: 7/7
  2701 | D:3      | 2701 ||| UPGRADING to amulet of the acrobat.
  2706 | D:3      | 2706 ||| READING scroll labelled KAF JI XAF.
  2707 | D:3      | 2707 ||| READING 2 scrolls labelled WIF YLEMIEGIUZ.
  2708 | D:3      | 2708 ||| DROPPING scroll of revelation.
  3017 | D:4      | Found a stormy altar of Qazlal.
  3022 | D:4      | Found a blossoming altar of Fedhas.
  3314 | D:4      | Reached skill level 6 in Ranged Weapons
  3398 | D:4      | 3398 ||| UPGRADING to +0 helmet.
  3403 | D:4      | 3403 ||| READING scroll labelled ZYRGHU KIADUHOV.
  3404 | D:4      | 3404 ||| READING scroll labelled BAN ZADDON.
  3405 | D:4      | 3405 ||| READING 2 scrolls of identify.
  3405 | D:4      | 3405 ||| IDENTIFYING red potion
  3460 | D:5      | Entered Level 5 of the Dungeon
  3460 | D:5      | Noticed a water moccasin
  3465 | D:5      | 3465 ||| STAIRDANCE
  3488 | D:4      | Killed a water moccasin
  3489 | D:4      | Reached XP level 7. HP: 12/44 MP: 8/8
  3609 | D:5      | 3609 ||| STAIRDANCE
  3625 | D:4      | HP: 10/44 [iguana (9)]
  3626 | D:4      | 3626 ||| READING 4 scrolls of teleportation.
  3877 | D:5      | Found an opulent altar of Gozag.
  3944 | D:5      | Found a broken altar of Ashenzari.
  3944 | D:5      | Found a shimmering altar of Xom.
  3947 | D:5      | Found a hide-covered altar of Uskayaw.
  3947 | D:5      | Found a broken altar of Ashenzari.
  3947 | D:5      | Found an ornate altar of the Wu Jian Council.
  3997 | D:5      | Noticed Menkaure
  4007 | D:5      | Killed Menkaure
  4086 | D:5      | Reached skill level 7 in Ranged Weapons
  4146 | D:5      | 4146 ||| DRINKING potion of curing.
  4146 | D:5      | 4146 ||| (to cure confusion)
  4170 | D:5      | Reached XP level 8. HP: 47/48 MP: 9/9
  4218 | D:5      | Reached skill level 8 in Ranged Weapons
  4351 | D:5      | Noticed Blork the orc
  4366 | D:5      | Killed Blork the orc
  4586 | D:5      | Found a white marble altar of Elyvilon.
  4739 | D:5      | 4739 ||| UPGRADING to +1 ring mail of cold resistance.
  4749 | D:5      | 4749 ||| DROPPING +0 ring mail.
  4750 | D:5      | 4750 ||| READING scroll labelled IKLEVYLETEL.
  4851 | D:5      | 4851 ||| READING scroll labelled YFETI RAMOF.
  4887 | D:5      | 4887 ||| READING 2 scrolls labelled TEC SOYGOANTYO.
  4888 | D:5      | 4888 ||| READING scroll of enchant armour.
  4888 | D:5      | 4888 ||| ENCHANTING +0 helmet.
  4889 | D:5      | 4889 ||| DRINKING 2 glowing amethyst potions.
  4889 | D:5      | Gained mutation: Your spells are a little harder to cast,
                  | but a little more powerful. [potion of mutation]
  4889 | D:5      | Gained mutation: Your mind is acute. (Int +4, Str/Dex -1)
                  | [potion of mutation]
  4889 | D:5      | Gained mutation: You have an increased reservoir of magic.
                  | (+10% MP) [potion of mutation]
  4889 | D:5      | Gained mutation: You are strong-willed. (Will+) [potion of
                  | mutation]
  4898 | D:5      | 4898 ||| DRINKING 2 lumpy coppery potions.
  4899 | D:5      | 4899 ||| DRINKING 2 puce potions.
  4900 | D:5      | 4900 ||| READING 2 scrolls of identify.
  4900 | D:5      | 4900 ||| IDENTIFYING amethyst potion
  4901 | D:5      | 4901 ||| DROPPING potion of brilliance.
  4902 | D:5      | 4902 ||| DROPPING potion of invisibility.
  4973 | D:6      | Reached skill level 9 in Ranged Weapons
  5018 | D:6      | Reached skill level 6 in Fighting
  5024 | D:6      | 5024 ||| Stepping ~*~*~tactically~*~*~ (outnumbered).
  5121 | D:6      | Found a staircase to the Ecumenical Temple.
  5122 | D:6      | 5122 ||| PLANNING TEMPLE
  5122 | D:6      | 5122 ||| DROPPING ring of magical power.
  5132 | Temple   | Entered the Ecumenical Temple
  5183 | Temple   | 5183 ||| PLANNING OKAWARU WORSHIP
  5283 | Temple   | Became a worshipper of Warmaster Okawaru
  5284 | Temple   | 5284 ||| PLANNING D:1-11
  5304 | D:6      | 5304 ||| READING scroll of enchant weapon.
  5304 | D:6      | 5304 ||| ENCHANTING +2 sling.
  5356 | D:6      | Reached XP level 9. HP: 55/55 MP: 11/11
  5550 | D:6      | Found a bloodstained altar of Trog.
  5613 | D:6      | Reached skill level 10 in Ranged Weapons
  5969 | D:6      | 5969 ||| UPGRADING to +0 pair of boots.
  6067 | D:7      | Reached * piety under Okawaru
  6068 | D:7      | Reached skill level 3 in Armour
  6173 | D:7      | Reached skill level 1 in Invocations
  6237 | D:7      | 6237 ||| INVOKING Heroism.
  6439 | D:7      | Found a runed translucent door.
  6440 | D:7      | Noticed Crazy Yiuf
  6579 | D:7      | Reached skill level 3 in Invocations
  7041 | D:7      | Found an opulent altar of Gozag.
  7054 | D:7      | Noticed Maggie
  7059 | D:7      | 7059 ||| INVOKING Heroism.
  7076 | D:7      | HP: 12/57 [Maggie/+0 halberd (7)]
  7077 | D:7      | 7077 ||| READING 4 scrolls of teleportation.
  7077 | D:7      | Killed from afar by Maggie

Levels and vault maps discovered:
D:1:      minmay_arrival_diagonal_passages, layout_loops_ring,
          chequers_ecumenical_altar_grove, serial_forest,
          infiniplex_forest_straight_3, infiniplex_forest_straight_2,
          infiniplex_forest_end_1, infiniplex_forest_clump_diagonal,
          infiniplex_forest_lined_3_way, infiniplex_forest_join,
          infiniplex_forest_clump_tiny, minivault_5
D:2:      minmay_recursive_quarters, layout_loops_ring, minmay_misc_feat_iff
D:3:      wad_pebble_path, layout_basic, minmay_gold_behind_fungi,
          item_on_display_a
D:4:      layout_loops_ring, grunt_temple_overflow_forces_of_nature,
          hangedman_decor_riveting, chequers_arboretum, minmay_fire_ice_demons
D:5:      layout_rooms, doesnt_xom_only_xom, elyvilon_altar_4,
          uniq_blork_the_orc, uniq_menkaure
D:6:      layout_basic, mainiacjoe_overflow_small_starburst,
          minmay_temple_entry_grid
D:7:      layout_gridville, overflow_temple_1_default, uniq_maggie,
          uniq_crazy_yiuf_cottage
Temple:   hellmonk_temple_flake

Skill      XL: |  1  2  3  4  5  6  7  8  9 |
---------------+----------------------------+-----
Ranged Weapons | 3 4 5 6 7 9 10 | 10.4
Fighting       | 2 3 4 6 7 |  7.1
Armour         | 1 2 3 |  3.2
Dodging        | 2 |  2.0
Invocations    | 4 |  4.0
Spellcasting   | |  1.0
Hexes          | |  2.6

Action                     |  1- 3 |  4- 6 |  7- 9 || total
---------------------------+-------+-------+-------++-------
   Fire: Sling             |   114 |   246 |   546 ||   906
 Invoke: Heroism           |       |       |     2 ||     2
    Use: Scroll            |     3 |     8 |     8 ||    19
         Potion            |       |       |     4 ||     4
 Armour: Robe              |    10 |       |       ||    10
         Ring mail         |    25 |   104 |   189 ||   318
  Dodge: Dodged            |    39 |    95 |   225 ||   359

Table legend:
 A = Non-vault XP
 B = Vault XP
 C = Vault XP percentage of total XP
 D = Non-vault monster count
 E = Vault monster count
 F = Vault count percentage of total count
                 A         B        C        D         E       F
            +---------+---------+-------+---------+---------+-------
      Total |    3813 |     353 |   8.5 |     158 |      13 |   7.6
            +---------+---------+-------+---------+---------+-------
        D:1 |      35 |       0 |   0.0 |      22 |       0 |   0.0
        D:2 |     118 |      25 |  17.5 |      31 |       9 |  22.5
        D:3 |     143 |       0 |   0.0 |      19 |       0 |   0.0
        D:4 |     341 |      63 |  15.6 |      18 |       2 |  10.0
        D:5 |     835 |     265 |  24.1 |      30 |       2 |   6.2
        D:6 |     888 |       0 |   0.0 |      18 |       0 |   0.0
        D:7 |    1453 |       0 |   0.0 |      20 |       0 |   0.0
            +---------+---------+-------+---------+---------+-------
